 Dungeon Crawl Stone Soup version 0.18-a0-1293-g5a2c81a (webtiles) character file.

5333 Duffy the Thaumaturge (level 10, -4/59 HPs)
             Began as a Deep Elf Conjurer on Feb 10, 2016.
             Was a Believer of Vehumet.
             Killed from afar by Erica (21 damage)
             ... with an orb of energy
             ... on level 9 of the Dungeon.
             The game lasted 00:14:41 (11080 turns).

Duffy the Thaumaturge (Deep Elf Conjurer)          Turns: 11080, Time: 00:14:41

Health: -4/59      AC:  9    Str:  5    XL:     10   Next: 38%
Magic:  42/42      EV: 12    Int: 24    God:    Vehumet [**....]
Gold:   570        SH:  5    Dex: 17    Spells: 8 memorised, 10 levels left

rFire  . . .     SeeInvis .     G - staff of power
rCold  + . .     Gourm    .     I - +2 robe {Archmagi}
rNeg   . . .     Faith    .     (no shield)
rPois  .         Spirit   .     P - +1 helmet
rElec  .         Dismiss  .     n - +0 cloak
rCorr  .         Reflect  +     j - +0 pair of gloves
SustAt .         Harm     .     m - +0 pair of boots
MR     +....                    v - +5 amulet of reflection
Stlth  ++........               O - ring of protection from cold
                                M - +2 ring of dexterity

@: somewhat resistant to hostile enchantments, unstealthy
A: no striking features
a: Renounce Religion


You were on level 9 of the Dungeon.
You worshipped Vehumet.
Vehumet was pleased with you.
You were hungry.

You visited 2 branches of the dungeon, and saw 10 of its levels.

You collected 570 gold pieces.


   Skills:
 + Level 5.0 Fighting
 + Level 7.8 Dodging
 - Level 2.4 Stealth
 - Level 11.6 Spellcasting
 - Level 8.6 Conjurations
 - Level 9.0 Charms


You had 10 spell levels left.
You knew the following spells:

 Your Spells              Type           Power        Failure   Level  Hunger
a - Magic Dart            Conj           ####         1%          1    None
c - Iskenderun's Mystic   Conj           ######..     1%          4    None
j - Fulminant Prism       Conj/Hex       ######....   10%         4    None
l - Iskenderun's Battles  Conj/Chrm      ######..     3%          5    ###....
m - Repel Missiles        Chrm/Air       ######       1%          2    None
s - Searing Ray           Conj           ######       1%          2    None
B - Blink                 Tloc           N/A          10%         2    None
W - Swiftness             Chrm/Air       ######..     1%          2    None

Inventory:

Missiles
 t - 30 poisoned needles
 B - 5 throwing nets (quivered)
Armour
 j - a +0 pair of gloves (worn)
 m - a +0 pair of boots (worn)
 n - a +0 cloak (worn)
 I - a +2 robe of the Archmagi (worn)
 P - a +1 helmet (worn)
Magical Staves
 G - an uncursed staff of power (weapon)
Jewellery
 v - a +5 amulet of reflection (around neck)
 M - a +2 ring of dexterity (left hand)
 O - a ring of protection from cold (right hand)
Wands
 g - a wand of flame (26/48)
 o - a wand of random effects (17/48)
 D - a wand of lightning (6/15)
 L - a wand of teleportation (6/9)
Scrolls
 p - a scroll of immolation {unknown}
 q - 2 scrolls of teleportation
 u - a scroll of fear {unknown}
 y - 4 scrolls of remove curse
 z - 2 scrolls of magic mapping {unknown}
 A - a scroll of noise {unknown}
 F - a scroll of random uselessness {unknown}
 J - a scroll of summoning {unknown}
Potions
 h - 2 potions of flight
 i - a potion of invisibility
 k - a potion of cure mutation
 r - 2 potions of haste
 s - 6 potions of curing
Books
 b - a book of Conjurations
 w - a book of Burglary
 x - a book of Minor Magic
Comestibles
 c - 5 bread rations
 f - 2 meat rations
 C - 2 beef jerkies
 N - a slice of pizza

Dungeon Overview and Level Annotations

Branches:
Dungeon (9/15)             Temple (1/1) D:6            Lair (0/8) D:8
    Orc (0/2) D:9

Altars:
Ashenzari
Cheibriados
Dithmenos
Elyvilon
Fedhas
Gozag
Kikubaaqudgha
Makhleb
Nemelex Xobeh
Okawaru
Pakellas
Qazlal
Ru
Sif Muna
Trog
Vehumet
Xom
Yredelemnul
Zin
The Shining One

Shops:
D:6 %

Annotations:
D:9 Erica


Message History

The hippogriff is severely wounded.
Your battlesphere fires!
The barrage of energy hits the hippogriff.
The hippogriff is almost dead.
The hippogriff barely misses you.
The hippogriff pecks you but does no damage.
You block the hippogriff's attack.
Cast which spell? (? or * to list)
Aiming: Magic Dart
Press: ? - help, Shift-Dir - straight line, f/p - hippogriff
Aim: a hippogriff (almost dead)
You feel a surge of power!
The magic dart hits the hippogriff.
You kill the hippogriff!
Vehumet accepts your kill.
Your Fighting skill increases to level 5!
Your battlesphere fires!
HP restored.
Your magical contamination has completely faded away.
Your battlesphere wavers and loses cohesion.
Found a leather armour.
You see here a leather armour.
y - 4 scrolls of remove curse (gained 1)
Found 19 arrows.
You see here 19 arrows.
Found a stone staircase leading down.
There is a stone staircase leading up here.
Erica shouts!
Erica casts a spell at you. The orb of energy hits you!
Erica gestures at you while chanting. The orb of energy hits you!
There is a stone staircase leading up here.
Erica gestures at you while chanting. The orb of energy hits you!
You die...

#.#### ##############
#.# #..# #.#### #@#
#####.#####...# #.#
#....#.##.....### #.
####>...##...#.#....
#.##.#####..........###
#.@..##.......#.#.#.###
####.##.##............#
#..@....###.......#.
####....# #.####.###
#.#### #.# #.## # #.##
#.# ##.### ##.#
###.#####... #..#
#.....# ##..
..#######..###.....#
#..
..#................#
#._
.H#................#
#..


You could see Erica.

Action                   |  1- 3 |  4- 6 |  7- 9 | 10-12 || total
-------------------------+-------+-------+-------+-------++-------
Melee: Unarmed           |       |       |     1 |       ||     1
 Cast: Magic Dart        |    80 |    98 |   186 |    48 ||   412
       Searing Ray       |     1 |    10 |    22 |     5 ||    38
       Iskenderun's Myst |       |       |    20 |     3 ||    23
       Iskenderun's Batt |       |       |    19 |    10 ||    29
       Repel Missiles    |       |       |     1 |       ||     1
  Use: Scroll            |       |     7 |     4 |     5 ||    16
  Eat: Chunk             |     2 |     9 |    15 |     1 ||    27
       Royal jelly       |       |       |     2 |       ||     2
       Fruit             |       |       |       |     5 ||     5

Notes
Turn   | Place    | Note
--------------------------------------------------------------
     0 | D:1      | Duffy the Deep Elf Conjurer began the quest for the Orb.
     0 | D:1      | Reached XP level 1. HP: 10/10 MP: 6/6
   240 | D:1      | Reached XP level 2. HP: 15/15 MP: 0/8
   494 | D:1      | Learned a level 2 spell: Searing Ray
   957 | D:1      | Reached skill level 5 in Conjurations
  1133 | D:1      | Reached XP level 3. HP: 19/19 MP: 6/10
  1287 | D:2      | Reached skill level 4 in Spellcasting
  1716 | D:2      | Reached XP level 4. HP: 24/24 MP: 7/12
  1729 | D:2      | Learned a level 4 spell: Iskenderun's Mystic Blast
  1734 | D:2      | Learned a level 4 spell: Fulminant Prism
  2412 | D:3      | Reached skill level 6 in Conjurations
  2540 | D:3      | Reached skill level 5 in Spellcasting
  2540 | D:3      | Reached XP level 5. HP: 25/28 MP: 9/14
  3677 | D:4      | Reached skill level 6 in Spellcasting
  3896 | D:4      | Reached XP level 6. HP: 32/32 MP: 13/17
  3906 | D:4      | Learned a level 5 spell: Iskenderun's Battlesphere
  4074 | D:5      | Entered Level 5 of the Dungeon
  4412 | D:5      | Noticed an ice beast
  4444 | D:5      | Killed an ice beast
  4444 | D:5      | Reached skill level 7 in Conjurations
  4444 | D:5      | Reached skill level 1 in Charms
  4611 | D:5      | Reached skill level 2 in Charms
  4650 | D:5      | Reached XP level 7. HP: 16/36 MP: 12/19
  5030 | D:5      | Reached skill level 7 in Spellcasting
  5030 | D:5      | Reached skill level 3 in Charms
  5611 | D:5      | Reached skill level 8 in Conjurations
  5883 | D:6      | Reached skill level 4 in Charms
  5922 | D:6      | Found Kosilyja's Food Boutique.
  6059 | D:6      | Reached XP level 8. HP: 30/41 MP: 11/21
  6148 | D:6      | Found a staircase to the Ecumenical Temple.
  6164 | Temple   | Entered the Ecumenical Temple
  6274 | Temple   | Became a worshipper of Vehumet
  6302 | D:6      | Noticed a hill giant
  6317 | D:6      | Killed a hill giant
  6317 | D:6      | Reached skill level 8 in Charms
  6450 | D:6      | Reached skill level 9 in Charms
  6502 | D:6      | Reached skill level 1 in Fighting
  6678 | D:6      | Reached skill level 3 in Dodging
  6975 | D:7      | Learned a level 2 spell: Repel Missiles
  6978 | D:7      | Learned a level 2 spell: Swiftness
  6993 | D:7      | Learned a level 2 spell: Blink
  7004 | D:7      | Reached skill level 2 in Fighting
  7004 | D:7      | Reached skill level 4 in Dodging
  7073 | D:7      | Reached XP level 9. HP: 44/49 MP: 10/22
  7222 | D:7      | Found a basalt altar of Yredelemnul.
  7328 | D:7      | Reached * piety under Vehumet
  7328 | D:7      | Offered knowledge of Flame Tongue by Vehumet.
  7328 | D:7      | Reached skill level 5 in Dodging
  7382 | D:7      | Reached skill level 3 in Fighting
  7491 | D:7      | Found a shattered altar of Ashenzari.
  7822 | D:7      | Got an iridescent short sword
  7823 | D:7      | Identified the +2 short sword of Cowardice {speed, +Blink} (You found it on level 7 of the Dungeon)
  8144 | D:7      | Found an iron altar of Okawaru.
  8302 | D:7      | Reached skill level 6 in Dodging
  8620 | D:8      | Reached skill level 8 in Spellcasting
  8733 | D:8      | Found a staircase to the Lair.
  8905 | D:8      | Reached skill level 9 in Spellcasting
  9100 | D:8      | Found a stormy altar of Qazlal.
  9306 | D:8      | Noticed a hill giant
  9310 | D:8      | Killed a hill giant
  9310 | D:8      | Offered knowledge of Shock by Vehumet.
  9310 | D:8      | Reached skill level 10 in Spellcasting
  9318 | D:8      | Reached ** piety under Vehumet
  9413 | D:8      | Reached skill level 11 in Spellcasting
  9854 | D:9      | Found a shattered altar of Ashenzari.
  9916 | D:9      | Found a deep blue altar of Sif Muna.
  9916 | D:9      | Found an ancient bone altar of Kikubaaqudgha.
  9921 | D:9      | Reached XP level 10. HP: 47/56 MP: 27/27
  9968 | D:9      | Found a blossoming altar of Fedhas.
  9969 | D:9      | Found a bloodstained altar of Trog.
  9972 | D:9      | Found a snail-covered altar of Cheibriados.
 10051 | D:9      | Reached skill level 4 in Fighting
 10302 | D:9      | Reached skill level 7 in Dodging
 10564 | D:9      | Noticed Joseph
 10571 | D:9      | Killed Joseph
 10737 | D:9      | Noticed Erica
 10764 | D:9      | Found a staircase to the Orcish Mines.
 10920 | D:9      | Reached skill level 5 in Fighting
 11080 | D:9      | Killed from afar by Erica

Vault maps used:
D:1:      dpeg_arrival_lava_temple_mockup
D:2:      serial_corexii_hall, corexii_hall_statues_t, corexii_hall_statues_t
D:3:      first_bread, serial_bayou_pond_a
D:5:      kennysheep_generic_room_5
D:6:      lemuel_ice_spiral_2, minmay_temple_entry_purple_smoke, serial_shops,
          nicolae_shop_temple_entry_statues_fountains, kb_rosetta
D:7:      yredelemnul_altar_generic, lemuel_coloured_pillars_altar,
          okawaru_gym_becter
D:8:      kennysheep_mini_moat, lair_0_dummy
D:9:      wad_river_or_something, grunt_temple_overflow_open, basic_altar,
          serial_co_window_serial, co_window_paths_b,
          co_window_of_opportunity_a, co_window_of_opportunity_a,
          co_window_paths_a, co_window_paths_b, co_window_2corner,
          co_window_cross_3, co_window_cross_4, co_window_broadway_c,
          co_window_4corner_b, glass_columns_a, glass_columns_c,
          glass_columns_a, glass_columns_b, glass_columns_c, uniq_joseph,
          uniq_erica
Temple:   circular_temple_12

Vanquished Creatures
  2 hill giants Joseph
  A yak
  A hippogriff
  2 water moccasins
  3 ice beasts
  A sky beast
  3 orc warriors
  4 phantoms
  2 eyes of draining
  3 ogres
  3 centaurs
  5 giant frogs
  2 big kobolds
  5 scorpions
  4 wights
  An electric eel
  2 crimson imps
  3 centaur zombies
  3 jellies
  A gnoll shaman
  2 orc priests
  2 orc wizards
  2 giant frog skeletons
  4 iguanas
  8 worker ants
  A hound zombie
  A hound skeleton
  7 gnolls
  9 adders
  3 shadow imps
  4 oozes
  An adder skeleton
  2 worms
  4 giant geckos
  28 orcs
  6 giant cockroaches
  10 goblins
  8 hobgoblins
  16 jackals
  15 kobolds
  2 quokkas
  A ball python
  10 bats
  A giant gecko skeleton
  A giant gecko zombie
  7 giant newts
  A jackal skeleton
  6 rats
214 creatures vanquished.
